Map: [ESL] Babylon

Players

StarNaN

  • Race: Protoss Protoss
  • Spawn Location: 11:00

Harstem - Winner!

  • Race: Protoss Protoss
  • Spawn Location: 5:00

Event: ESL SC2 Masters 2023 Summer (Finals)

VOD

Have the link to the VOD?

Description

Time

  • Played on: June 16, 2023, 4:58 a.m.
  • Length: 8:13

All games in this series

Show
View Real Time Build Order
Export as new Build Order

StarNaN Protoss 

Build Orders: Oracle Opening 

Get SALT Encoding   

  12  0:00  Probe  
  13  0:12  Probe  
  14  0:19  Pylon  
  14  0:24  Probe  
  15  0:37  Probe (Chrono Boost)  
  15  0:38  Gateway  
  16  0:48  Probe (Chrono Boost)  
  17  0:50  Assimilator  
  17  0:53  Probe (Chrono Boost)  
  18  1:03  Probe (Chrono Boost)  
  19  1:16  Probe (Chrono Boost), Assimilator  
  20  1:21  Pylon  
  20  1:24  Probe (Chrono Boost)  
  21  1:31  Zealot  
  21  1:32  Cybernetics Core  
  23  1:39  Probe  
  25  1:54  Probe  
  25  2:10  Nexus  
  25  2:15  Probe  
  26  2:18  Warp Gate  
  26  2:31  Stargate  
  26  2:36  Probe (Chrono Boost)  
  27  2:44  Shield Battery  
  27  2:48  Probe (Chrono Boost)  
  27  2:54  Stalker (Chrono Boost)  
  27  2:55  Probe (Chrono Boost)  
  30  3:06  Gateway  
  30  3:08  Probe  
  31  3:20  Oracle (Chrono Boost)  
  34  3:28  Probe  
  34  3:30  Gateway  
  34  3:31  Stalker  
  37  3:35  Probe  
  37  3:40  Probe  
  39  3:47  Probe  
  40  3:52  Probe  
  41  3:59  Probe  
  42  4:03  Twilight Council  
  42  4:04  Probe  
  42  4:06  Pylon  
  43  4:10  Shield Battery  
  43  4:14  Probe  
  41  4:27  Stalker x2  
  41  4:28  Probe (Chrono Boost)  
  44  4:31  Probe (Chrono Boost)  
  44  4:33  Blink (Chrono Boost)  
  44  4:40  Probe (Chrono Boost)  
  43  4:47  Probe (Chrono Boost)  
  43  4:49  Probe (Chrono Boost)  
  44  4:53  Pylon  
  44  4:54  Probe  
  44  4:57  Probe  
  46  5:00  Shield Battery  
  46  5:06  Probe  
  47  5:09  Probe, Stalker x2  
  52  5:18  Probe  
  54  5:21  Probe  
  54  5:26  Gateway  
  54  5:30  Probe  
  54  5:31  Pylon  
  55  5:42  Nexus  
  55  5:45  Sentry x2  
  55  5:46  Probe  
  55  5:49  Probe  
  59  5:58  Probe  
  56  6:07  Probe  
  56  6:11  Gateway, Stalker x2  
  61  6:13  Gateway  
  61  6:14  Shield Battery  
  56  6:25  Probe  
  56  6:28  Stalker  
  56  6:30  Probe  
  57  6:37  Stalker x2  
  61  6:52  Pylon  
  61  6:54  Stalker  
  61  6:56  Pylon  
  61  7:00  Stalker x2  
  63  7:17  Stalker x2  
  63  7:18  Probe  
  63  7:19  Probe  
  63  7:20  Stalker, Shield Battery  
  69  7:24  Assimilator  
  69  7:27  Stalker x2  
  73  7:30  Probe, Pylon  
  73  7:31  Probe  
  73  7:36  Pylon  
  75  7:40  Stalker  
  75  7:42  Probe  
  75  7:44  Probe  
  79  7:47  Stalker  
  81  7:54  Probe  
  81  7:55  Adept x2  
  81  7:56  Probe  
  87  8:02  Stalker  
Show
View Real Time Build Order
Export as new Build Order

Harstem Protoss - Winner!

Build Orders: 1 Gate Expand, Oracle Opening 

Get SALT Encoding   

  12  0:03  Probe  
  13  0:15  Probe  
  13  0:18  Pylon  
  14  0:27  Probe (Chrono Boost)  
  15  0:38  Gateway  
  15  0:39  Probe (Chrono Boost)  
  16  0:46  Probe (Chrono Boost)  
  16  0:48  Assimilator  
  17  0:53  Probe  
  18  1:05  Probe  
  19  1:17  Probe  
  20  1:26  Nexus  
  20  1:37  Cybernetics Core  
  20  1:39  Probe  
  21  1:46  Assimilator  
  21  1:52  Probe  
  22  1:55  Pylon  
  22  2:04  Probe  
  23  2:16  Probe  
  23  2:17  Stargate  
  23  2:21  Adept (Chrono Boost)  
  24  2:28  Probe  
  26  2:38  Probe  
  26  2:40  Probe  
  28  2:47  Stalker  
  28  2:50  Probe  
  31  2:52  Probe  
  31  2:58  Oracle (Chrono Boost)  
  32  3:02  Probe  
  32  3:04  Probe  
  37  3:14  Probe  
  37  3:16  Probe  
  37  3:18  Warp Gate  
  39  3:20  Stalker  
  39  3:27  Probe  
  42  3:28  Probe  
  42  3:29  Shield Battery  
  43  3:38  Gateway  
  43  3:40  Probe  
  45  3:44  Twilight Council  
  45  3:45  Probe, Pylon  
  45  3:53  Probe  
  46  3:56  Assimilator  
  46  4:02  Phoenix (Chrono Boost)  
  46  4:03  Probe  
  46  4:05  Probe  
  46  4:08  Gateway  
  50  4:15  Probe  
  50  4:17  Probe  
  49  4:27  Probe  
  49  4:29  Probe  
  49  4:30  Blink (Chrono Boost)  
  50  4:39  Probe  
  50  4:40  Pylon  
  50  4:42  Probe  
  52  4:52  Probe  
  53  4:53  Pylon  
  53  4:57  Probe  
  54  5:03  Pylon  
  54  5:04  Probe  
  54  5:06  Stalker x3  
  61  5:14  Pylon, Forge  
  61  5:30  Nexus, Stalker x2  
  61  5:31  Stalker  
  67  5:37  Probe  
  67  5:38  Pylon  
  67  5:42  Dark Shrine  
  68  5:43  Protoss Ground Weapons Level 1 (Chrono Boost)  
  68  5:51  Probe  
  69  6:03  Probe  
  66  6:04  Stalker x3  
  66  6:09  Probe  
  71  6:16  Probe  
  70  6:25  Probe  
  71  6:28  Probe  
  71  6:29  Stalker x3  
  76  6:36  Gateway  
  76  6:37  Probe  
  76  6:39  Gateway  
  77  6:41  Gateway  
  77  6:50  Probe  
  77  6:51  Probe  
  80  6:55  Pylon  
  80  6:56  Stalker x3  
  86  7:02  Probe  
  82  7:13  Probe x2  
  76  7:17  Probe  
  76  7:21  Pylon  
  76  7:22  Dark Templar x2  
  81  7:23  Stalker  
  81  7:25  Probe  
  81  7:27  Assimilator  
  81  7:29  Photon Cannon  
  84  7:30  Probe  
  84  7:31  Nexus  
  84  7:33  Stalker  
  84  7:34  Stalker  
  84  7:36  Stalker  
  91  7:41  Pylon  
  91  7:43  Probe  
  91  7:44  Photon Cannon  
  90  7:52  Probe x2  
  90  7:54  Stalker x2  
  90  7:55  Probe  
  97  7:58  Stalker x2  
  101  8:06  Stalker  
  101  8:09  Pylon  
Tags
 
Add a new tag
Caveats
  • Supply blocks, unpowered buildings, or Contaminate may cause inaccurate times.
  • Supply counts are checked every 10 seconds.